 Dungeon Crawl Stone Soup version 0.20-a0-971-g5896763 (webtiles) character file.

2 Dirtsage the Skirmisher (level 1, 0/19 HPs)
             Began as a Demonspawn Monk on Apr 8, 2017.
             Slain by a jackal (1 damage)
             ... on level 1 of the Dungeon.
             The game lasted 00:00:15 (43 turns).

Dirtsage the Skirmisher (Demonspawn Monk)             Turns: 43, Time: 00:00:16

Health: 0/19       AC:  2    Str: 11    XL:     1   Next: 33%
Magic:  1/1        EV: 14    Int: 11    God:
Gold:   0          SH:  0    Dex: 15    Spells: 0/0 levels left

rFire    . . .     SeeInvis .   (no weapon)
rCold    . . .     Gourm    .   (no shield)
rNeg     . . .     Faith    .   a - +0 robe
rPois    .         Spirit   .   (no helmet)
rElec    .         Reflect  .   (no cloak)
rCorr    .         Harm     .   (no gloves)
MR       .....                  (no boots)
Stlth    ++........             (no amulet)
Regen    0.1/turn               (no ring)
MPRegen  0.1/turn               (no ring)

@: no status effects
A: no striking features
a: no special abilities


You were on level 1 of the Dungeon.
You were not hungry.

You visited 1 branch of the dungeon, and saw 1 of its levels.

Inventory:

Armour
 a - a +0 robe (worn)
Comestibles
 b - a bread ration {@e1}


   Skills:
 - Level 4.0 Fighting
 - Level 3.6 Dodging
 - Level 3.6 Stealth
 + Level 0.6 Unarmed Combat


You couldn't memorise any spells.
You didn't know any spells.

Dungeon Overview and Level Annotations

Branches:
Dungeon (1/15)

Altars:


Message History

Welcome, Dirtsage the Demonspawn Monk.
Will you be the one to retrieve the fabulous Orb of Zot from the depths?
Found a staircase leading out of the dungeon.
You open the door.
There is an open door here. 2 frilled lizards come into view.
You enter a teleport trap!
The teleport trap disappears.
Your surroundings suddenly seem different.
A goblin comes into view. It is wielding a dagger.
A goblin is nearby!
A jackal comes into view.
Found a stone staircase leading down.
You see here a blue potion.
The goblin shouts!
The jackal barks!
You hear a bark!
The goblin hits you with a dagger.
A jackal comes into view.
You take 3 damage, and have 16/19 hp.
You closely miss the goblin. The goblin hits you with a dagger.
You take 1 damage, and have 15/19 hp.
You barely miss the goblin. The goblin hits you but does no damage.
A frilled lizard comes into view.
The frilled lizard hisses angrily.
You hit the goblin. The jackal closely misses you. The jackal bites you.
The goblin hits you but does no damage.
You take 1 damage, and have 14/19 hp.
You barely miss the goblin. The jackal bites you.
The goblin closely misses you.
You take 1 damage, and have 13/19 hp.
The jackal closely misses you. x3; The jackal completely misses you.
You see here a blue potion.
The jackal closely misses you.
A frilled lizard comes into view.
A hobgoblin comes into view.
The frilled lizard hisses angrily.
The jackal barely misses you.
You hit the jackal but do no damage. The jackal closely misses you.
You barely miss the jackal. The jackal bites you.
The frilled lizard hisses.
The jackal bites you but does no damage.
You take 1 damage, and have 12/19 hp.
You hit the jackal but do no damage.
The jackal bites you but does no damage.
You hit the jackal but do no damage. The jackal barely misses you.
You hit the jackal. The jackal misses you. The jackal bites you.
You take 1 damage, and have 11/19 hp.
You closely miss the jackal. The jackal closely misses you.
You hit the jackal but do no damage. The jackal closely misses you.
The jackal barely misses you.
You barely miss the jackal. The jackal misses you.
You hit the jackal.
The jackal bites you but does no damage.
You hit the jackal. The jackal closely misses you.
The jackal completely misses you.
You barely miss the jackal. The jackal bites you.
You take 3 damage, and have 9/19 hp.
You completely miss the jackal. The jackal misses you.
The jackal barely misses you.
You hit the jackal but do no damage. The jackal bites you.
You take 3 damage, and have 6/19 hp.
You hit the jackal but do no damage. The jackal bites you.
* * * LOW HITPOINT WARNING * * *
You take 3 damage, and have 3/19 hp.
You hit the jackal.
You kill the jackal!
You hit the frilled lizard.
You kill the frilled lizard!
You hit the frilled lizard.
You kill the frilled lizard!
You barely miss the jackal. The jackal completely misses you.
You hit the jackal. The jackal bites you.
* * * LOW HITPOINT WARNING * * *
The jackal bites you.
You die...

..... .....
############
.=....#..........#
......#..........#
....$.#..........#
.................#
..l..............#
#...........#
..l...####'####@#
##.##
#.......#h###.##
#.8.8.8.#g..l..#.
#.......#.###.g..
+.8.<.8.+........
#.......#.)....g.
#.8.8.8.#!.......
#.......#........
####+####.......#


You could see a jackal and a goblin.

Vanquished Creatures
  A jackal (D:1)
  2 frilled lizards (D:1)
3 creatures vanquished.

Notes
Turn   | Place    | Note
-------+----------+-------------------------------------------
     0 | D:1      | Dirtsage the Demonspawn Monk began the quest for the Orb.
     0 | D:1      | Reached XP level 1. HP: 19/19 MP: 1/1
    38 | D:1      | HP: 3/19 [jackal (3)]
    43 | D:1      | HP: 1/19 [jackal (2)]
    43 | D:1      | Slain by a jackal

Vault maps used:
D:1:      doesnt_arrival_eight_statues

Action                   || total
-------------------------++-------
Melee: Unarmed           ||    23
Armor: Robe              ||     3
Dodge: Dodged            ||    20

Vault maps used:
D:1:      doesnt_arrival_eight_statues

Table legend:
 A = Turns spent in this place as a percentage of turns spent in the entire game.
 B = Non-inter-level travel turns spent in this place as a percentage of non-inter-level travel turns spent in the entire game.
 C = Inter-level travel turns spent in this place as a percentage of turns spent in this place.
 D = Turns resting spent in this place as a percentage of non-inter-level travel turns spent in this place.
 E = Turns spent auto-exploring this place as a percentage of non-inter-level travel turns spent in this place.
 F = Non-inter-level travel turns spent in this place divided by the number of levels of this place that you've seen.
                   A       B       C       D       E      F
               +-------+-------+-------+-------+-------+----------------------
         Total | 100.0 | 100.0 |   0.0 |   0.0 |   2.5 |  40.0
       Dungeon | 100.0 | 100.0 |   0.0 |   0.0 |   2.5 |  40.0
               +-------+-------+-------+-------+-------+----------------------

Table legend:
 A = Kills in this place as a percentage of kills in entire the game.
 B = Kills by you in this place as a percentage of kills by you in the entire game.
 C = Kills by friends in this place as a percentage of kills by friends in the entire game.
 D = Other kills in this place as a percentage of other kills in the entire game.
 E = Experience gained in this place as a percentage of experience gained in the entire game.
 F = Experience gained in this place divided by the number of levels of this place that you have seen.
                   A       B       C       D       E      F
               +-------+-------+-------+-------+-------+----------------------
         Total | 100.0 | 100.0 |  -nan |  -nan | 100.0 |   4.0
       Dungeon | 100.0 | 100.0 |  -nan |  -nan | 100.0 |   4.0
               +-------+-------+-------+-------+-------+----------------------
